 Dungeon Crawl Stone Soup version 0.23.2-1-ga50397a (webtiles) character file.

Game seed: 9022317075945477985

753 jfcaron the Charmwright (level 7, 0/56 HPs)
             Began as a Gnoll Skald on Apr 18, 2019.
             Was a Follower of Nemelex Xobeh.
             Slain by a gnoll
             ... wielding a +0 spear
              (3 damage)
             ... on level 4 of the Dungeon.
             The game lasted 00:13:41 (3521 turns).

jfcaron the Charmwright (Gnoll Skald)               Turns: 3521, Time: 00:13:43

Health: 0/56       AC:  4    Str: 14    XL:     7   Next: 78%
Magic:  14/15      EV: 14    Int: 17    God:    Nemelex Xobeh [*.....]
Gold:   155        SH:  0    Dex: 14    Spells: 6/17 levels left

rFire    . . .     SeeInvis .   a - +2 dagger (elec)
rCold    . . .     Gourm    .   (no shield)
rNeg     . . .     Faith    .   t - +0 leather armour
rPois    .         Spirit   .   m - +0 helmet
rElec    .         Reflect  .   (no cloak)
rCorr    .         Harm     .   (no gloves)
MR       .....                  (no boots)
Stlth    ++........             (no amulet)
HPRegen  0.18/turn              (no ring)
MPRegen  0.14/turn              (no ring)

@: infused, berserk cooldown, slowed, very slow
A: distributed training, fangs 1, mutation resistance 1, strong nose
a: Draw Escape, Draw Destruction, Draw Summoning, Renounce Religion


You were on level 4 of the Dungeon.
You worshipped Nemelex Xobeh.
Nemelex Xobeh was aware of your devotion.
You were not hungry.

You visited 1 branch of the dungeon, and saw 4 of its levels.

You collected 155 gold pieces.

Inventory:

Hand Weapons
 a - a +2 dagger of electrocution (weapon)
 b - a +1 shortbow of velocity
Missiles
 e - 111 stones (quivered)
 g - 12 poisoned needles
 o - 8 javelins
 q - 17 sling bullets
 u - 10 arrows
Armour
 m - a +0 helmet (worn)
 r - a +0 plate armour
 t - a +0 leather armour (worn)
Scrolls
 c - a scroll of remove curse
 f - a scroll of teleportation
 h - 2 scrolls of fog
 k - a scroll of enchant weapon
Potions
 i - a potion of brilliance
 l - 4 potions of curing
 s - a potion of flight {unknown}
Comestibles
 d - 9 rations
 n - 13 chunks of flesh


   Skills:
 + Level 5.3 Fighting
 + Level 2.6 Short Blades
 + Level 2.6 Long Blades
 + Level 2.6 Axes
 + Level 2.6 Maces & Flails
 + Level 5.3 Polearms
 + Level 2.6 Staves
 + Level 2.6 Slings
 + Level 2.6 Bows
 + Level 2.6 Crossbows
 + Level 2.6 Throwing
 + Level 3.7 Armour
 + Level 5.3 Dodging
 + Level 2.6 Stealth
 + Level 2.6 Shields
 + Level 2.6 Unarmed Combat
 + Level 5.7 Spellcasting
 + Level 2.1 Conjurations
 + Level 2.1 Hexes
 + Level 5.9 Charms
 + Level 2.1 Summonings
 + Level 2.1 Necromancy
 + Level 2.1 Translocations
 + Level 2.1 Transmutations
 + Level 2.1 Fire Magic
 + Level 2.1 Ice Magic
 + Level 2.1 Air Magic
 + Level 2.1 Earth Magic
 + Level 2.1 Poison Magic
 + Level 2.9 Invocations
 + Level 2.6 Evocations


You had 6 spell levels left.
You knew the following spells:

 Your Spells              Type           Power        Failure   Level  Hunger
a - Infusion              Chrm           ###.         1%          1    None
b - Song of Slaying       Chrm           ###.....     2%          2    #......
c - Shroud of Golubria    Chrm/Tloc      ###.......   4%          2    #......
d - Regeneration          Chrm/Necr      ###.......   10%         3    ##.....
e - Spectral Weapon       Hex/Chrm       ###.....     10%         3    ##.....

Your spell library contained the following spells:

 Spells                   Type           Power        Failure   Level  Hunger


Dungeon Overview and Level Annotations

Branches:
Dungeon (4/15)
 Temple: D:4-7

Altars:
Ashenzari
Nemelex Xobeh
Qazlal


Innate Abilities, Weirdness & Mutations

Your experience applies equally to all skills.
You have very sharp teeth.
Your uncanny sense of smell can sniff out nearby items.
You are somewhat resistant to further mutation.


Message History

Press: ? - help, Dir - move target cursor, f - gnoll
Aim: a gnoll, wielding a +0 spear Attack!
The gnoll misses you. The gnoll barely misses you.
Things that are here:
a +0 club; a +0 whip; a +0 club A jackal comes into view.
The jackal moves out of view.
The jackal barks!
The gnoll hits you from afar with a +0 spear.
* * * LOW HITPOINT WARNING * * *
The jackal bites you but does no damage.
There is a large open door here.
It was a potion of mutation.
You feel extremely strange.
You feel genetically stable. The jackal bites you.
* * * LOW HITPOINT WARNING * * *
The gnoll hits you from afar with a +0 spear.
You die...
Your body disappears without a glow.

#####≈≈≈≈≈≈≈≈≈≈≈≈....≈≈≈≈≈≈≈≈≈≈≈≈
#...#,,,,,...............,,,,,,,,
#...#############''''####********
**#)#....')÷....#....#,,,,,,,,,,,
≈,#......#.##.###....#,**,*,,,,,,
≈,###))..#.#....#....#,,,,*,,,,,,
≈,#.##''#########....#******++***
≈,#.....)....)..#h...#,,,,,,,,,*,
≈,#.........#8g(@....+,,,,,,,,,+,
≈,#.##''##..#8..'....+,,,,,,,,,*,
≈,###)...#......#8..8#,,,,,,,,,*,
≈,#(..)..#############***********
**#'#....+,,,,,,,,,,,,,,,,,,,,,,,
#...######***********************
#...#,,,,,,,,,,,,,,,,,∆,,,,,,,,,,
#####≈≈≈≈≈≈≈≈≈≈≈≈≈≈≈≈≈≈≈≈≈≈≈≈≈≈≈≈
≈≈≈≈≈≈≈≈≈≈≈≈≈≈≈≈≈≈≈≈≈≈≈≈≈≈≈≈≈≈≈≈≈


You could see a gnoll, a jackal and a friendly spectral +2 dagger of
electrocution.

Vanquished Creatures
  Sigmund (D:4)
  An ogre (D:4)
  A bullfrog (D:4)
  A howler monkey (D:4)
  A bullfrog skeleton (D:4)
  A gnoll shaman (D:4)
  An orc wizard (D:3)
  Natasha (twice) (D:3)
  A worker ant (D:2)
  5 adders
  9 gnolls (D:4)
  2 oozes (D:3)
  An adder skeleton (D:4)
  2 worms
  5 dart slugs
  5 leopard geckos
  2 orcs (D:3)
  2 ball pythons
  4 giant cockroaches
  6 goblins
  8 hobgoblins
  6 jackals (D:4)
  6 bats
  8 frilled lizards
  A jackal skeleton (D:4)
  8 kobolds
  3 rats
93 creatures vanquished.

Vanquished Creatures (collateral kills)
  2 gnolls (D:4)
  2 jackals (D:4)
4 creatures vanquished.

Vanquished Creatures (others)
  2 gnolls (D:4)
  A spectral weapon (D:4)
3 creatures vanquished.

Grand Total: 100 creatures vanquished

Notes
Turn   | Place    | Note
-------+----------+-------------------------------------------
     0 | D:1      | jfcaron the Gnoll Skald began the quest for the Orb.
     0 | D:1      | Reached XP level 1. HP: 20/20 MP: 6/6
   187 | D:1      | Reached XP level 2. HP: 26/26 MP: 7/7
   834 | D:2      | Reached XP level 3. HP: 31/31 MP: 9/9
   838 | D:2      | Learned a level 2 spell: Song of Slaying
   841 | D:2      | Learned a level 2 spell: Shroud of Golubria
   845 | D:2      | Learned a level 3 spell: Regeneration
   849 | D:2      | Learned a level 3 spell: Spectral Weapon
   879 | D:2      | Reached skill level 5 in Spellcasting
  1148 | D:2      | Reached skill level 1 in Invocations
  1420 | D:2      | Reached skill level 1 in Short Blades
  1420 | D:2      | Reached skill level 1 in Long Blades
  1420 | D:2      | Reached skill level 1 in Axes
  1420 | D:2      | Reached skill level 1 in Maces & Flails
  1420 | D:2      | Reached skill level 1 in Staves
  1420 | D:2      | Reached skill level 1 in Slings
  1420 | D:2      | Reached skill level 1 in Bows
  1420 | D:2      | Reached skill level 1 in Crossbows
  1420 | D:2      | Reached skill level 1 in Throwing
  1420 | D:2      | Reached skill level 1 in Stealth
  1420 | D:2      | Reached skill level 1 in Shields
  1420 | D:2      | Reached skill level 1 in Unarmed Combat
  1420 | D:2      | Reached skill level 1 in Evocations
  1420 | D:2      | Reached XP level 4. HP: 38/38 MP: 4/11
  1624 | D:3      | Reached skill level 1 in Conjurations
  1624 | D:3      | Reached skill level 1 in Hexes
  1624 | D:3      | Reached skill level 1 in Summonings
  1624 | D:3      | Reached skill level 1 in Necromancy
  1624 | D:3      | Reached skill level 1 in Translocations
  1624 | D:3      | Reached skill level 1 in Transmutations
  1624 | D:3      | Reached skill level 1 in Fire Magic
  1624 | D:3      | Reached skill level 1 in Ice Magic
  1624 | D:3      | Reached skill level 1 in Air Magic
  1624 | D:3      | Reached skill level 1 in Earth Magic
  1624 | D:3      | Reached skill level 1 in Poison Magic
  1634 | D:3      | Found a stormy altar of Qazlal.
  1806 | D:3      | Reached XP level 5. HP: 32/43 MP: 6/12
  1899 | D:3      | Noticed Natasha
  1908 | D:3      | Killed Natasha
  2001 | D:3      | Found a sparkling altar of Nemelex Xobeh.
  2005 | D:3      | Became a worshipper of Nemelex Xobeh the Trickster
  2404 | D:3      | Noticed Natasha
  2410 | D:3      | Killed Natasha
  2447 | D:3      | Received a gift from Nemelex Xobeh
  2676 | D:4      | Reached XP level 6. HP: 49/50 MP: 8/13
  2894 | D:4      | Reached skill level 5 in Fighting
  2894 | D:4      | Reached skill level 5 in Polearms
  2894 | D:4      | Reached skill level 5 in Dodging
  2986 | D:4      | Noticed Sigmund
  2996 | D:4      | Killed Sigmund
  2996 | D:4      | Reached XP level 7. HP: 45/56 MP: 4/15
  3128 | D:4      | Found a shattered altar of Ashenzari.
  3209 | D:4      | Reached * piety under Nemelex Xobeh
  3521 | D:4      | Gained mutation: You are somewhat resistant to further
                  | mutation. [potion of mutation]
  3521 | D:4      | Slain by a gnoll

Skill      XL: |  1  2  3  4  5  6  7 |
---------------+----------------------+-----
Spellcasting   | 5 |  5.7
Invocations    | 1 2 |  2.9
Short Blades   | 1 2 |  2.6
Long Blades    | 1 2 |  2.6
Axes           | 1 2 |  2.6
Maces & Flails | 1 2 |  2.6
Staves         | 1 2 |  2.6
Slings         | 1 2 |  2.6
Bows           | 1 2 |  2.6
Crossbows      | 1 2 |  2.6
Throwing       | 1 2 |  2.6
Stealth        | 1 2 |  2.6
Shields        | 1 2 |  2.6
Unarmed Combat | 1 2 |  2.6
Evocations     | 1 2 |  2.6
Conjurations   | 1 2 |  2.1
Hexes          | 1 2 |  2.1
Summonings     | 1 2 |  2.1
Necromancy     | 1 2 |  2.1
Translocations | 1 2 |  2.1
Transmutations | 1 2 |  2.1
Fire Magic     | 1 2 |  2.1
Ice Magic      | 1 2 |  2.1
Air Magic      | 1 2 |  2.1
Earth Magic    | 1 2 |  2.1
Poison Magic   | 1 2 |  2.1
Armour         | 3 |  3.7
Fighting       | 5 |  5.3
Polearms       | 5 |  5.3
Dodging        | 5 |  5.3
Charms         | |  5.9

Action                   |  1- 3 |  4- 6 |  7- 9 || total
-------------------------+-------+-------+-------++-------
Melee: Spear             |    34 |       |       ||    34
       Bite              |    13 |     8 |     3 ||    24
       Dagger            |    63 |    98 |    48 ||   209
       Punch             |       |     1 |       ||     1
 Fire: Shortbow          |       |    10 |     6 ||    16
Throw: Stone             |       |     1 |     3 ||     4
 Cast: Infusion          |     1 |     9 |     3 ||    13
       Spectral Weapon   |     2 |     7 |     6 ||    15
       Shroud of Golubri |     1 |     4 |     2 ||     7
       Song of Slaying   |       |     1 |       ||     1
 Abil: Draw Destruction  |       |       |     2 ||     2
       Draw Summoning    |       |       |     1 ||     1
  Use: Scroll            |       |     8 |       ||     8
       Potion            |       |       |     2 ||     2
 Stab: Sleeping          |     4 |     3 |       ||     7
       Distracted        |       |     1 |     2 ||     3
  Eat: Chunk             |     2 |     5 |     2 ||     9
Armor: Leather armour    |    19 |    17 |    12 ||    48
Dodge: Dodged            |    62 |    52 |    36 ||   150
